 Dungeon Crawl Stone Soup version 0.29-a0-330-g52719c12eb (webtiles) character file.

Game seed: 3626505135783918467

448 tilp the Skirmisher (level 6, 0/52 HPs)
             Began as a Draconian Hedge Wizard on May 12, 2022.
             Was an Initiate of Sif Muna.
             Slain by a wyvern (16 damage)
             ... on level 4 of the Dungeon.
             The game lasted 00:07:58 (4552 turns).

tilp the Skirmisher (Draconian Hedge Wizard)        Turns: 4552, Time: 00:07:58

Health: 0/52       AC:  6    Str: 12    XL:     6   Next: 73%
Magic:  10/10      EV: 16    Int: 16    God:    Sif Muna [......]
Gold:   86         SH:  0    Dex: 11    Spells: 7/11 levels left

rFire   . . .      SeeInvis .   a - +0 quarterstaff
rCold   . . .      Faith    .   (shield currently unavailable)
rNeg    . . .      Spirit   .   (body armour unavailable)
rPois   .          Reflect  .   f - +0 hat
rElec   .          Harm     .   (no cloak)
rCorr   +          Rampage  .   (no gloves)
Will    .....                   (no boots)
Stlth   ++........              m - amulet of regeneration
HPRegen 0.97/turn               e - ring of resist corrosion
MPRegen 0.12/turn               q - +4 ring of evasion

@: mighty
A: AC +6, unfitting armour, cold-blooded
a: Renounce Religion


You were on level 4 of the Dungeon.
You worshipped Sif Muna.
Sif Muna was noncommittal.
You visited 2 branches of the dungeon, and saw 5 of its levels.

You collected 86 gold pieces.

Inventory:

Hand Weapons
 a - a +0 quarterstaff (weapon)
 b - a +0 mace
 g - a +0 dagger of speed
 l - a +3 short sword
 t - a +0 dagger of draining
Missiles
 j - 102 stones
 s - 6 boomerangs
 w - 2 throwing nets
 x - 6 poisoned darts (quivered)
Armour
 f - a +0 hat (worn)
Magical Staves
 k - a staff of earth
Jewellery
 e - a ring of resist corrosion (left hand)
 m - an amulet of regeneration (around neck)
 q - a +4 ring of evasion (right hand)
Wands
 i - a wand of digging (7)
Scrolls
 u - a scroll of immolation
Potions
 c - a potion of magic
 d - 3 potions of curing
 h - a potion of ambrosia
 o - a potion of invisibility {unknown}
 p - a potion of flight


   Skills:
 - Level 4.0 Fighting
 - Level 4.0 Staves
 - Level 2.0 Dodging
 - Level 2.0 Stealth
 - Level 3.0 Spellcasting
 - Level 2.0 Conjurations
 - Level 1.0 Summonings
 + Level 3.4 Translocations


You had 7 spell levels left.
You knew the following spells:

 Your Spells              Type           Power      Damage    Failure   Level
a - Magic Dart            Conj           32%        1d4       9%          1
b - Slow                  Hex            8%         N/A       19%         1
c - Blink                 Tloc           26%        N/A       7%          2

Your spell library contained the following spells:

 Spells                   Type           Power      Damage    Failure   Level
 Call Imp                 Summ           5%         N/A       19%         2
 Conjure Flame            Conj/Fire      5%         6-21      36%         3
 Mephitic Cloud           Conj/Pois/Air  4%         N/A       41%         3


Dungeon Overview and Level Annotations

Branches:
Dungeon (4/15)             Temple (1/1) D:4

Altars:
Ashenzari
Cheibriados
Dithmenos
Elyvilon
Fedhas
Gozag
Hepliaklqana
Kikubaaqudgha
Makhleb
Nemelex Xobeh
Qazlal
Ru
Sif Muna
Trog
Uskayaw
Vehumet
Wu Jian
Xom
Yredelemnul
Zin
The Shining One

Annotations:
D:4 4 runed translucent doors, Crazy Yiuf; marpa's ghost, amateur DECj


Innate Abilities, Weirdness & Mutations

Your plain brown scales are hard. (AC +6)
You cannot fit into any form of body armour.
You are cold-blooded and may be slowed by cold attacks.


Message History

Press: ? - help, Shift-Dir - straight line, f/p - wyvern
Aim: a wyvern (57% to hit, chance to blind on hit: 41%)
You throw an atropa-tipped dart. The atropa-tipped dart hits the wyvern.
The wyvern resists.
The wyvern bites you!
Unknown command.
Throw: 7 darts (poison)
Press: ? - help, Shift-Dir - straight line, f/p - wyvern
Aim: a wyvern (57% to hit)
You throw a poisoned dart. The poisoned dart hits the wyvern.
The wyvern is poisoned.
The wyvern bites you! x2
Unknown command.
You hit the wyvern.
The wyvern is lightly wounded.
The wyvern bites you.
You hit the wyvern but do no damage.
The wyvern is lightly wounded.
The wyvern completely misses you. The wyvern misses you.
You hit the wyvern.
The wyvern is moderately wounded.
The wyvern bites you but does no damage.
You closely miss the wyvern.
The wyvern is moderately wounded.
The wyvern bites you. The wyvern misses you.
You hit the wyvern.
The wyvern is heavily wounded.
The wyvern looks more healthy.
The wyvern bites you!
* * * LOW HITPOINT WARNING * * *
The wyvern closely misses you.
You hit the wyvern but do no damage.
Your tail-slap misses the wyvern.
The wyvern is heavily wounded.
The wyvern completely misses you.
You barely miss the wyvern.
The wyvern is heavily wounded.
The wyvern barely misses you. The wyvern closely misses you.
Okay, then.
You feel very mighty all of a sudden. The wyvern bites you!
You die...

...............#.....
...............#...<.
...............#...).
...............'.....
...............#.....
#########'##########'##
#... ###..###)...##...#
#....#..>..............
#...(l@.............†..
#....#.................
#.[. #.................
#.. #################+
#. #...##.... #
#....>.... #........)
#........# #.[......#


You could see a wyvern.

Vanquished Creatures
  A water moccasin (D:4)
  An ogre (D:4)
  A hound (D:4)
  A jelly (D:4)
  Ijyb (D:4)
  Natasha (thrice) (D:2)
  3 gnolls (D:3)
  An adder (D:2)
  An ufetubus (D:4)
  3 worms
  A dart slug (D:4)
  5 endoplasms
  3 giant cockroaches
  5 goblins
  4 hobgoblins
  2 quokkas
  5 ball pythons
  4 bats
  3 frilled lizards
  6 kobolds
  4 rats
58 creatures vanquished.

Notes
Turn   | Place    | Note
-------+----------+-------------------------------------------
     0 | D:1      | tilp the Draconian Hedge Wizard began the quest for the
                  | Orb.
     0 | D:1      | Reached XP level 1. HP: 14/14 MP: 4/4
   186 | D:1      | Learned a level 1 spell: Slow
   648 | D:1      | Reached XP level 2. HP: 22/22 MP: 6/6
   660 | D:1      | Reached skill level 1 in Fighting
  1405 | D:2      | Noticed Natasha
  1420 | D:2      | Killed Natasha
  1421 | D:2      | Reached skill level 1 in Staves
  1421 | D:2      | Reached XP level 3. HP: 27/29 MP: 7/7
  1737 | D:2      | Noticed Natasha
  1750 | D:2      | Killed Natasha
  1751 | D:2      | Reached XP level 4. HP: 36/36 MP: 8/8
  1894 | D:2      | Noticed Natasha
  1901 | D:2      | Killed Natasha
  2548 | D:3      | Reached XP level 5. HP: 40/45 MP: 9/9
  3100 | D:3      | Learned a level 2 spell: Blink
  3159 | D:4      | Noticed a water moccasin
  3181 | D:4      | Killed a water moccasin
  3436 | D:4      | Reached XP level 6. HP: 51/52 MP: 10/10
  3618 | D:4      | Found a staircase to the Ecumenical Temple.
  3633 | Temple   | Entered the Ecumenical Temple
  4178 | Temple   | Became a worshipper of Sif Muna the Loreminder
  4413 | D:4      | Found a runed translucent door.
  4414 | D:4      | Noticed Crazy Yiuf
  4428 | D:4      | Found a runed translucent gate.
  4431 | D:4      | Found a runed translucent gate.
  4431 | D:4      | Noticed marpa's ghost (amateur DECj)
  4432 | D:4      | Found a runed translucent gate.
  4432 | D:4      | Identified the +3 short sword of Goxety {vorpal, rPois
                  | Str+4 Int+2 Stlth-}
  4432 | D:4      | Identified the +0 ring mail of Tufif {Int+3}
  4437 | D:4      | Identified the +8 chain mail of the Apothecary {Harm rF-
                  | SInv}
  4437 | D:4      | Noticed an orc warrior
  4461 | D:4      | Noticed Ijyb
  4490 | D:4      | Killed Ijyb
  4540 | D:4      | Noticed a wyvern
  4552 | D:4      | Slain by a wyvern

Illustrated notes

Levels and vault maps discovered:
D:1:      mushboom_english_gardens, layout_loops_ring
D:2:      layout_loops_ring, uniq_natasha
D:3:      layout_loops_corners
D:4:      layout_gridville, minmay_temple_entry_wispy,
          biasface_ghost_orc_armoury, uniq_crazy_yiuf_cottage, uniq_ijyb,
          uniq_blork_the_orc
Temple:   mainiacjoe_temple_starburst

Skill      XL: |  1  2  3  4  5  6 |
---------------+-------------------+-----
Stealth        | 2 |  2.0
Dodging        | 2 |  2.0
Fighting       | 1 2 3 4 |  4.0
Staves         | 1 2 3 4 |  4.0
Conjurations   | 2 |  2.0
Translocations | 3 |  3.4
Spellcasting   | |  3.0
Summonings     | |  1.0

Action                   |  1- 3 |  4- 6 || total
-------------------------+-------+-------++-------
Melee: Quarterstaff      |    89 |   136 ||   225
       Mace              |     6 |       ||     6
       Tailslap          |    11 |    24 ||    35
Throw: Dart              |     5 |    22 ||    27
       Stone             |     2 |     4 ||     6
       Boomerang         |       |     1 ||     1
       Throwing net      |       |     2 ||     2
 Cast: Magic Dart        |    12 |       ||    12
       Slow              |       |     3 ||     3
  Use: Scroll            |     2 |     8 ||    10
       Potion            |       |     4 ||     4
 Stab: Sleeping          |     5 |     3 ||     8
       Invisible         |       |     1 ||     1
Armor: Skin              |    53 |    34 ||    87
Dodge: Dodged            |    78 |    76 ||   154

Table legend: (Time is in decaauts)
 A = Elapsed time spent in this place.
 B = Non-inter-level travel time spent in this place.
 C = Inter-level travel time spent in this place.
 D = Time resting spent in this place.
 E = Time spent auto-exploring this place.
 F = Levels seen in this place.
 G = Mean time per level.
                   A        B        C        D        E       F      G
               +--------+--------+--------+--------+--------+-----+--------+
         Total |   4621 |   4375 |    246 |    630 |   3056 |   5 |  924.2 |
       Dungeon |   4021 |   3874 |    147 |    630 |   2563 |   4 | 1005.2 |
        Temple |    599 |    500 |     99 |      0 |    493 |   1 |  599.0 |
               +--------+--------+--------+--------+--------+-----+--------+

Top non-repeatable levels by time:
     D:2: 1116 daAuts
     D:1: 1099 daAuts
     D:3: 997 daAuts
     D:4: 807 daAuts
  Temple: 599 daAuts
